 Dungeon Crawl Stone Soup version 0.24.0-123-gd5b16e6ec5 (webtiles) character file.

Game seed: 10436489921295191012, levelgen mode: deterministic

89 Legadrian the Insei (level 4, 0/32 HPs)
             Began as a Human Transmuter on Feb 9, 2020.
             Slain by a gnoll
             ... wielding a +0 spear
              (5 damage)
             ... on level 2 of the Dungeon.
             The game lasted 00:07:54 (2556 turns).

Legadrian the Insei (Human Transmuter)              Turns: 2556, Time: 00:07:55

Health: 0/32       AC:  7    Str: 10    XL:     4   Next: 84%
Magic:  7/7        EV: 12    Int: 15    God:
Gold:   90         SH:  0    Dex: 13    Spells: 6/7 levels left

rFire    . . .     SeeInvis +     - Unarmed
rCold    . . .     Gourm    .   (no shield)
rNeg     . . .     Faith    .   k - +3 leather armour
rPois    .         Spirit   .   (no helmet)
rElec    .         Reflect  .   (no cloak)
rCorr    .         Harm     .   j - +0 pair of gloves
MR       .....                  (no boots)
Stlth    +.........             (no amulet)
HPRegen  0.10/turn              f - ring of see invisible
MPRegen  0.10/turn              (no ring)

@: appendage (expiring)
A: horns 2
a: End Transformation


You were on level 2 of the Dungeon.
You were hungry.
You had grown temporary horns.
You visited 1 branch of the dungeon, and saw 2 of its levels.

You collected 90 gold pieces.

Inventory:

Hand Weapons
 m - a +0 hunting sling
Missiles
 a - 12 arrows
 g - 70 stones (quivered)
Armour
 b - a +0 robe
 j - a +0 pair of gloves (worn)
 k - a +3 leather armour (worn)
Jewellery
 f - a ring of see invisible (left hand)
 o - an uncursed ring of stealth {unknown}
Scrolls
 c - a scroll of immolation {unknown}
 e - a scroll of blinking {unknown}
 h - a scroll of amnesia {unknown}
 p - a scroll of identify {unknown}
 q - a scroll of teleportation {unknown}
Potions
 i - a potion of brilliance {unknown}
 l - a potion of cancellation {unknown}
 n - a potion of curing {unknown}
Comestibles
 d - 2 rations


   Skills:
 + Level 1.1 Fighting
 + Level 1.2 Armour
 - Level 2.0 Dodging
 + Level 0.2 Stealth
 + Level 4.3 Unarmed Combat
 + Level 2.4 Spellcasting
 + Level 2.4 Transmutations


You had 6 spell levels left.
You knew the following spells:

 Your Spells              Type           Power        Failure   Level  Hunger
a - Beastly Appendage     Tmut           #.....       11%         1    #......

Your spell library contained the following spells:

 Spells                   Type           Power        Failure   Level  Hunger
 Sticks to Snakes         Tmut           #.......     16%         2    ###....
 Spider Form              Tmut/Pois      #.........   45%         3    ###....
 Ice Form                 Ice/Tmut       #.......     86%         4    #####..
 Blade Hands              Tmut           #.........   96%         5    ######.


Dungeon Overview and Level Annotations

Branches:
Dungeon (2/15)

Altars:


Innate Abilities, Weirdness & Mutations

You have a pair of horns on your head.


Message History

The gnoll hits you with a +0 halberd! The gnoll completely misses you.
You hit the gnoll but do no damage. You headbutt the gnoll!
The gnoll is severely wounded.
Your transformation is almost over.
The gnoll closely misses you. The gnoll barely misses you.
You hit the gnoll.
You kill the gnoll!
The gnoll misses you. The gnoll hits you with a +0 spear.
Things that are here:
a +0 halberd; a gnoll corpse You barely miss the gnoll.
The gnoll hits you with a +0 spear!
* * * LOW HITPOINT WARNING * * *
You hit the gnoll.
The gnoll is lightly wounded.
You barely miss the gnoll.
The gnoll is lightly wounded.
You are feeling hungry.
The gnoll hits you with a +0 spear.
You die...

#.##.....
#######.##.....
.......>รท'...^.
##########.##.....
#..........##.....
#.###########.....
#.# ###### #.# #@#
#g# ..# ####


You could see a gnoll.

Vanquished Creatures
  A bullfrog skeleton (D:2)
  2 gnolls (D:2)
  2 adders (D:2)
  A dart slug (D:2)
  A ball python (D:2)
  4 goblins
  3 hobgoblins (D:1)
  8 kobolds
  3 bats (D:1)
  2 frilled lizards (D:1)
  2 rats (D:1)
29 creatures vanquished.

Notes
Turn   | Place    | Note
-------+----------+-------------------------------------------
     0 | D:1      | Legadrian the Human Transmuter began the quest for the Orb.
     0 | D:1      | Reached XP level 1. HP: 15/15 MP: 3/3
   468 | D:1      | Reached XP level 2. HP: 18/21 MP: 5/5
  1631 | D:1      | Reached XP level 3. HP: 24/26 MP: 6/6
  1756 | D:2      | Reached skill level 4 in Unarmed Combat
  1756 | D:2      | Reached XP level 4. HP: 9/32 MP: 5/7
  2141 | D:2      | Reached skill level 1 in Armour
  2556 | D:2      | Slain by a gnoll

Levels and vault maps discovered:
D:1:      minmay_arrival_doors, layout_basic
D:2:      layout_basic, marbit_many_paths, kennysheep_vampire_church

Skill      XL: |  1  2  3  4 |
---------------+-------------+-----
Unarmed Combat | 4 |  4.3
Armour         | 1 |  1.2
Fighting       | |  1.1
Dodging        | |  2.0
Stealth        | |  0.2
Spellcasting   | |  2.4
Transmutations | |  2.4

Action                   |  1- 3 |  4- 6 || total
-------------------------+-------+-------++-------
Melee: Unarmed           |    90 |    40 ||   130
       Punch             |     2 |       ||     2
       Kick              |     2 |     1 ||     3
       Headbutt          |     2 |     3 ||     5
 Cast: Beastly Appendage |    12 |     6 ||    18
  Eat: Chunk             |     1 |     4 ||     5
Armor: Robe              |     9 |       ||     9
       Leather armour    |    21 |    13 ||    34
Dodge: Dodged            |    42 |    29 ||    71
